| TOP OF THE 1ST |
|
Atlanta Braves batting - Pitching for San Francisco Giants : RHP Ricky Rodriguez
|
|
Pitching: RHP Ricky Rodriguez
|
|
|
Batting: RHB Yasuhide Kasahara
|
0-0: Ball 1-0: Foul Ball, location: 2F 1-1: Ground out 6-3 (Groundball, 6, EV 83.1 MPH)
|
|
Batting: SHB Floyd-William Goof
|
0-0: Ball 1-0: Ball 2-0: Called Strike 2-1: Called Strike 2-2: Strikes out swinging
|
|
Batting: LHB Erik Gretzky
|
0-0: Called Strike 0-1: Ball 1-1: Ball 2-1: Ball 3-1: Swinging Strike 3-2: Strikes out looking
|
| Top of the 1st over - 0 runs, 0 hits, 0 errors, 0 left on base; Atlanta 0 - San Francisco 0 |
| BOTTOM OF THE 1ST |
|
San Francisco Giants batting - Pitching for Atlanta Braves : RHP Scott Bernstein
|
|
Pitching: RHP Scott Bernstein
|
|
|
Batting: RHB Philip Jansen
|
0-0: Ball 1-0: Called Strike 1-1: Fly out, F9 (Flyball, 9, EV 83.8 MPH)
|
|
Batting: RHB Lucan Esini
|
0-0: Ball 1-0: Swinging Strike 1-1: Foul Ball, location: 2F 1-2: Ball 2-2: Fly out, F7 (Flyball, BS3, EV 86.9 MPH)
|
|
Batting: RHB Sean Zielinski
|
0-0: Called Strike 0-1: Foul Ball, location: 2F 0-2: Ball 1-2: DOUBLE (Line Drive, 89M, EV 95.6 MPH)
|
|
Batting: LHB Jack Henningar
|
0-0: Ball 1-0: Ball 2-0: Ball 3-0: Called Strike 3-1: Foul Ball, location: 2F 3-2: Base on Balls
|
|
Batting: LHB Carey Horncole
|
0-0: Called Strike 0-1: Ball 1-1: Ball 2-1: Foul Ball, location: 2F 2-2: Foul Ball, location: 2F 2-2: Fly out, F4 (Line Drive, 4, EV 69.4 MPH)
|
| Bottom of the 1st over - 0 runs, 1 hit, 0 errors, 2 left on base; Atlanta 0 - San Francisco 0 |
| TOP OF THE 2ND |
|
Atlanta Braves batting - Pitching for San Francisco Giants : RHP Ricky Rodriguez
|
|
Batting: RHB Ike Trout
|
0-0: Ground out U3 (Groundball, 34, EV 85.6 MPH)
|
|
Batting: LHB Evan Torraville
|
0-0: Foul Ball, location: 2F 0-1: Foul Ball, location: 2F 0-2: Ball 1-2: Strikes out looking
|
|
Batting: RHB J.J. Powers
|
0-0: Ball 1-0: Ground out 4-3 (Groundball, 34, EV 87.5 MPH)
|
| Top of the 2nd over - 0 runs, 0 hits, 0 errors, 0 left on base; Atlanta 0 - San Francisco 0 |
| BOTTOM OF THE 2ND |
|
San Francisco Giants batting - Pitching for Atlanta Braves : RHP Scott Bernstein
|
|
Batting: SHB Ryan Doss
|
0-0: Ball 1-0: Called Strike 1-1: Ball 2-1: Ground out 4-3 (Groundball, 4, EV 88.1 MPH)
|
|
Batting: LHB Tom Best
|
0-0: Ball 1-0: Ball 2-0: Foul Ball, location: 2F 2-1: Ball 3-1: Ground out 4-3 (Groundball, 4MD, EV 105.0 MPH)
|
|
Batting: SHB Bill Dooms
|
0-0: Called Strike 0-1: Ball 1-1: Foul Ball, location: 2F 1-2: Ball 2-2: Foul Ball, location: 2F 2-2: SINGLE (Groundball, 4MD, EV 98.1 MPH)
|
|
Batting: LHB Luis Magdaleno
|
0-0: Ball 1-0: Ball 2-0: Ball 3-0: Base on Balls Bill Dooms to second
|
|
Batting: RHB Philip Jansen
|
0-0: Called Strike 0-1: Ball 1-1: Foul Ball, location: 2F 1-2: Fielders Choice at 2nd, 6-4 (Groundball, 6, EV 87.5 MPH)
|
| Bottom of the 2nd over - 0 runs, 1 hit, 0 errors, 2 left on base; Atlanta 0 - San Francisco 0 |
| TOP OF THE 3RD |
|
Atlanta Braves batting - Pitching for San Francisco Giants : RHP Ricky Rodriguez
|
|
Batting: RHB Zheng-ze King
|
0-0: Foul Ball, location: 2F 0-1: Fly out, F8 (Flyball, 78M, EV 83.8 MPH)
|
|
Batting: RHB Liangde Li
|
0-0: Called Strike 0-1: Called Strike 0-2: Foul Ball, location: 2F 0-2: Ball 1-2: Ball 2-2: Foul Ball, location: 2F 2-2: Strikes out looking
|
|
Batting: RHB Tade Post
|
0-0: Ground out 5-3 (Groundball, 56, EV 108.8 MPH)
|
| Top of the 3rd over - 0 runs, 0 hits, 0 errors, 0 left on base; Atlanta 0 - San Francisco 0 |
| BOTTOM OF THE 3RD |
|
San Francisco Giants batting - Pitching for Atlanta Braves : RHP Scott Bernstein
|
|
Batting: RHB Lucan Esini
|
0-0: Ball 1-0: Ball 2-0: Called Strike 2-1: Ground out 6-3 (Groundball, 6, EV 90.6 MPH)
|
|
Batting: RHB Sean Zielinski
|
0-0: Ball 1-0: Ball 2-0: Ball 3-0: Called Strike 3-1: Called Strike 3-2: Base on Balls
|
|
Batting: LHB Jack Henningar
|
0-0: Ball 1-0: Ball 2-0: Foul Ball, location: 2F 2-1: Ball 3-1: Called Strike 3-2: Ground out 4-3 (Groundball, 13, EV 90.6 MPH) Sean Zielinski to second
|
|
Batting: LHB Carey Horncole
|
0-0: Ball 1-0: Swinging Strike 1-1: Foul Ball, location: 2F 1-2: 2-RUN HOME RUN (Line Drive, 9D, EV 103.8 MPH), Distance : 403 ft
|
|
Batting: SHB Ryan Doss
|
0-0: Ball 1-0: Swinging Strike 1-1: Ball 2-1: Called Strike 2-2: Ball 3-2: Foul Ball, location: 2F 3-2: Strikes out swinging
|
| Bottom of the 3rd over - 2 runs, 1 hit, 0 errors, 0 left on base; Atlanta 0 - San Francisco 2 |
| TOP OF THE 4TH |
|
Atlanta Braves batting - Pitching for San Francisco Giants : RHP Ricky Rodriguez
|
|
Batting: RHB Yasuhide Kasahara
|
0-0: Ball 1-0: Called Strike 1-1: Hit by Pitch
|
|
Batting: SHB Floyd-William Goof
|
0-0: Ball 1-0: Called Strike Yasuhide Kasahara steals 2nd base 1-1: Foul Ball, location: 2F 1-2: Foul Ball, location: 2F 1-2: SINGLE (Line Drive, 8RS, EV 93.1 MPH) Yasuhide Kasahara to third
|
|
Batting: LHB Erik Gretzky
|
0-0: Called Strike 0-1: Fly out, F8 (Flyball, 78M, EV 88.1 MPH)
|
|
Batting: RHB Ike Trout
|
0-0: Called Strike 0-1: Ball Balk! Yasuhide Kasahara scores Floyd-William Goof to second 1-1: 2-RUN HOME RUN (Flyball, 8RXD, EV 113.1 MPH), Distance : 429 ft
|
|
Batting: LHB Evan Torraville
|
0-0: Ball 1-0: Fly out, F9 (Flyball, 9LM, EV 93.1 MPH)
|
|
Batting: RHB J.J. Powers
|
0-0: Ball 1-0: Ball 2-0: Ball 3-0: Foul Ball, location: 2F 3-1: Called Strike 3-2: Fly out, F4 (Line Drive, 4, EV 73.1 MPH)
|
| Top of the 4th over - 3 runs, 2 hits, 0 errors, 0 left on base; Atlanta 3 - San Francisco 2 |
| BOTTOM OF THE 4TH |
|
San Francisco Giants batting - Pitching for Atlanta Braves : RHP Scott Bernstein
|
|
Batting: LHB Tom Best
|
0-0: Ball 1-0: Fly out, F5 (Popup, 5SF, EV 75.6 MPH)
|
|
Batting: SHB Bill Dooms
|
0-0: Swinging Strike 0-1: Swinging Strike 0-2: Ball 1-2: Fly out, F8 (Flyball, 8LS, EV 94.4 MPH)
|
|
Batting: LHB Luis Magdaleno
|
0-0: Called Strike 0-1: Hit by Pitch
|
|
Batting: RHB Philip Jansen
|
0-0: SINGLE (Line Drive, 34D, EV 99.4 MPH) Luis Magdaleno to second Runner from 2nd tries for 3rd, SAFE, throw by RF made to third
|
|
Batting: RHB Lucan Esini
|
0-0: Foul Ball, location: 2F 0-1: Ball 1-1: Swinging Strike 1-2: Foul Ball, location: 2F 1-2: Foul Ball, location: 2F 1-2: Strikes out swinging
|
| Bottom of the 4th over - 0 runs, 1 hit, 0 errors, 2 left on base; Atlanta 3 - San Francisco 2 |
| TOP OF THE 5TH |
|
Atlanta Braves batting - Pitching for San Francisco Giants : RHP Ricky Rodriguez
|
|
Batting: RHB Zheng-ze King
|
0-0: Ball 1-0: DOUBLE (Line Drive, 9LM, EV 106.9 MPH)
|
|
Batting: RHB Liangde Li
|
0-0: Called Strike 0-1: Ball 1-1: Swinging Strike 1-2: Strikes out swinging
|
|
Batting: RHB Tade Post
|
0-0: TRIPLE (Line Drive, 89XD, EV 108.1 MPH) Zheng-ze King scores
|
|
Batting: RHB Yasuhide Kasahara
|
0-0: Ball 1-0: Swinging Strike 1-1: Swinging Strike 1-2: Ball 2-2: Ball 3-2: Foul Ball, location: 2F 3-2: Foul Ball, location: 2F 3-2: TRIPLE (Flyball, 89XD, EV 104.4 MPH) Tade Post scores
|
|
Pitching: LHP Chris Moris
|
|
|
Batting: SHB Floyd-William Goof
|
0-0: Called Strike 0-1: Foul Ball, location: 2F 0-2: Ball 1-2: Ball 2-2: Ball 3-2: Fly out, F8 (Flyball, 8RM, EV 90.6 MPH)
|
|
Batting: LHB Erik Gretzky
|
0-0: Ball 1-0: Ball 2-0: Foul Ball, location: 2F 2-1: Called Strike 2-2: Strikes out swinging
|
| Top of the 5th over - 2 runs, 3 hits, 0 errors, 1 left on base; Atlanta 5 - San Francisco 2 |
| BOTTOM OF THE 5TH |
|
San Francisco Giants batting - Pitching for Atlanta Braves : RHP Scott Bernstein
|
|
Batting: RHB Sean Zielinski
|
0-0: Ground out 4-3 (Groundball, 4, EV 79.4 MPH)
|
|
Batting: LHB Jack Henningar
|
0-0: Foul Ball, location: 2F 0-1: Called Strike 0-2: Ball 1-2: Foul Ball, location: 2F 1-2: DOUBLE (Line Drive, 78D, EV 104.4 MPH)
|
|
Batting: LHB Carey Horncole
|
0-0: Ball 1-0: SINGLE (Line Drive, 9LM, EV 94.4 MPH) Jack Henningar to third
|
|
Batting: SHB Ryan Doss
|
0-0: Ball 1-0: Swinging Strike 1-1: Ball 2-1: Grounds into double play, 1-6-3 (Groundball, 34S, EV 73.1 MPH)
|
| Bottom of the 5th over - 0 runs, 2 hits, 0 errors, 1 left on base; Atlanta 5 - San Francisco 2 |
| TOP OF THE 6TH |
|
Atlanta Braves batting - Pitching for San Francisco Giants : LHP Chris Moris
|
|
Batting: RHB Ike Trout
|
0-0: Ball 1-0: Ball 2-0: Ball 3-0: Base on Balls
|
|
Batting: LHB Evan Torraville
|
0-0: Grounds out, U3 (Groundball, 3L, EV 111.2 MPH)
|
|
Batting: RHB J.J. Powers
|
0-0: Called Strike 0-1: Ball 1-1: Foul Ball, location: 2F 1-2: Fly out, F9 (Flyball, 9, EV 91.2 MPH)
|
|
Batting: RHB Zheng-ze King
|
0-0: Called Strike 0-1: Swinging Strike 0-2: Ball 1-2: Ball 2-2: Strikes out looking
|
| Top of the 6th over - 0 runs, 0 hits, 0 errors, 1 left on base; Atlanta 5 - San Francisco 2 |
| BOTTOM OF THE 6TH |
|
San Francisco Giants batting - Pitching for Atlanta Braves : RHP Scott Bernstein
|
|
Pitching: LHP Gil Longoria
|
|
|
Batting: RHB Nate Hodson
|
0-0: Foul Ball, location: 2F 0-1: Swinging Strike 0-2: Ball 1-2: SINGLE (Line Drive, 56D, EV 100.0 MPH)
|
|
Batting: SHB Bill Dooms
|
0-0: Ball 1-0: Foul Ball, location: 2F 1-1: Ball 2-1: Foul Ball, location: 2F 2-2: Ball 3-2: Grounds into double play, 5-4-3 (Groundball, 5, EV 105.6 MPH)
|
|
Pinch Hitting: RHB Ruben Garza
|
0-0: Ball 1-0: Foul Ball, location: 2F 1-1: Called Strike 1-2: Foul Ball, location: 2F 1-2: Ball 2-2: Ball 3-2: Foul Ball, location: 2F 3-2: SINGLE (Groundball, 15S, EV 61.2 MPH) (infield hit)
|
|
Batting: RHB Philip Jansen
|
0-0: Ball 1-0: Ball 2-0: Fly out, F7 (Flyball, 78S, EV 96.9 MPH)
|
| Bottom of the 6th over - 0 runs, 2 hits, 0 errors, 1 left on base; Atlanta 5 - San Francisco 2 |
| TOP OF THE 7TH |
|
Atlanta Braves batting - Pitching for San Francisco Giants : LHP Chris Moris
|
|
Pitching: RHP Josh Lister
|
|
|
Now at SS: Bill Defazio
|
|
|
Now in RF: Carey Horncole
|
|
|
Batting: RHB Liangde Li
|
0-0: Called Strike 0-1: Foul Ball, location: 2F 0-2: Strikes out swinging
|
|
Batting: RHB Tade Post
|
0-0: Ball 1-0: Ball 2-0: Swinging Strike 2-1: Ball 3-1: Base on Balls
|
|
Batting: RHB Yasuhide Kasahara
|
0-0: Ball 1-0: Foul Ball, location: 2F 1-1: Fly out, F8 (Flyball, 78D, EV 86.9 MPH)
|
|
Batting: SHB Floyd-William Goof
|
0-0: Foul Ball, location: 2F 0-1: Ball 1-1: Ball 2-1: Called Strike 2-2: Foul Ball, location: 2F 2-2: Foul Ball, location: 2F 2-2: Strikes out swinging
|
| Top of the 7th over - 0 runs, 0 hits, 0 errors, 1 left on base; Atlanta 5 - San Francisco 2 |
| BOTTOM OF THE 7TH |
|
San Francisco Giants batting - Pitching for Atlanta Braves : LHP Gil Longoria
|
|
Pitching: RHP Greg Hart
|
|
|
Batting: RHB Lucan Esini
|
0-0: Ball 1-0: Ball 2-0: Ball 3-0: Called Strike 3-1: Foul Ball, location: 2F 3-2: Base on Balls
|
|
Batting: RHB Sean Zielinski
|
0-0: Fly out, F4 (Line Drive, 4M, EV 65.6 MPH)
|
|
Batting: LHB Jack Henningar
|
0-0: Ball 1-0: Fly out, F8 (Flyball, 89D, EV 85.0 MPH)
|
|
Batting: LHB Carey Horncole
|
0-0: Foul Ball, location: 2F 0-1: Ball Passed Ball! Lucan Esini to second 1-1: Ball 2-1: Ball 3-1: Foul Ball, location: 2F 3-2: Foul Ball, location: 2F 3-2: Foul Ball, location: 2F 3-2: TRIPLE (Line Drive, 7LD, EV 97.5 MPH) Lucan Esini scores
|
|
Batting: SHB Ryan Doss
|
0-0: Ball 1-0: Ball 2-0: Ball 3-0: Called Strike 3-1: Swinging Strike 3-2: Strikes out swinging
|
| Bottom of the 7th over - 1 run, 1 hit, 0 errors, 1 left on base; Atlanta 5 - San Francisco 3 |
| TOP OF THE 8TH |
|
Atlanta Braves batting - Pitching for San Francisco Giants : RHP Josh Lister
|
|
Batting: LHB Erik Gretzky
|
0-0: Ball 1-0: Swinging Strike 1-1: Foul Ball, location: 2F 1-2: Ball 2-2: Ball 3-2: Foul Ball, location: 2F 3-2: Base on Balls
|
|
Batting: RHB Ike Trout
|
0-0: Foul Ball, location: 2F 0-1: Ball 1-1: Foul Ball, location: 2F 1-2: Strikes out swinging
|
|
Batting: LHB Evan Torraville
|
0-0: Swinging Strike 0-1: Swinging Strike 0-2: Strikes out looking
|
|
Batting: RHB J.J. Powers
|
0-0: Ball 1-0: Foul Ball, location: 2F Pickoff Play to 1st, Runner tries for 2nd, OUT after rundown.
|
| Top of the 8th over - 0 runs, 0 hits, 0 errors, 0 left on base; Atlanta 5 - San Francisco 3 |
| BOTTOM OF THE 8TH |
|
San Francisco Giants batting - Pitching for Atlanta Braves : RHP Greg Hart
|
|
Pitching: LHP Shingo Miura
|
|
|
Now at 2B: J.J. Powers
|
|
|
Now at 3B: Kevin Howard
|
|
|
Batting: RHB Nate Hodson
|
0-0: Swinging Strike 0-1: Foul Ball, location: 2F 0-2: Strikes out looking
|
|
Batting: SHB Bill Dooms
|
0-0: Called Strike 0-1: Swinging Strike 0-2: Ball 1-2: Ball 2-2: Foul Ball, location: 2F 2-2: Foul Ball, location: 2F 2-2: Foul Ball, location: 2F 2-2: Foul Ball, location: 2F 2-2: Ball 3-2: Fly out, F7 (Line Drive, 7, EV 110.6 MPH)
|
|
Batting: RHB Bill Defazio
|
0-0: Ball 1-0: Called Strike 1-1: Ground out 2-3 (Groundball, 2R, EV 71.9 MPH)
|
| Bottom of the 8th over - 0 runs, 0 hits, 0 errors, 0 left on base; Atlanta 5 - San Francisco 3 |
| TOP OF THE 9TH |
|
Atlanta Braves batting - Pitching for San Francisco Giants : RHP Josh Lister
|
|
Pitching: LHP Tyler Stancil
|
|
|
Batting: RHB J.J. Powers
|
0-0: Ground out 6-3 (Groundball, 56D, EV 100.6 MPH)
|
|
Batting: RHB Kevin Howard
|
0-0: Ball 1-0: Fly out, F8 (Flyball, 89M, EV 80.6 MPH)
|
|
Batting: RHB Liangde Li
|
0-0: Ball 1-0: Ball 2-0: Ball 3-0: Base on Balls
|
|
Batting: RHB Tade Post
|
0-0: Called Strike 0-1: Called Strike Liangde Li steals 2nd, throwing error, E2 Liangde Li to third 0-2: Strikes out swinging
|
| Top of the 9th over - 0 runs, 0 hits, 1 error, 1 left on base; Atlanta 5 - San Francisco 3 |
| BOTTOM OF THE 9TH |
|
San Francisco Giants batting - Pitching for Atlanta Braves : LHP Shingo Miura
|
|
Pitching: LHP Sam Schrecengost
|
|
|
Batting: RHB Philip Jansen
|
0-0: Ball 1-0: Ball 2-0: Swinging Strike 2-1: Fly out, F9 (Flyball, 89D, EV 103.8 MPH)
|
|
Batting: RHB Lucan Esini
|
0-0: Ball 1-0: Called Strike 1-1: Foul Ball, location: 2F 1-2: Fly out, F8 (Flyball, 8RD, EV 94.4 MPH)
|
|
Batting: RHB Sean Zielinski
|
0-0: Ground out 5-3 (Groundball, 5, EV 89.4 MPH)
|
| Bottom of the 9th over - 0 runs, 0 hits, 0 errors, 0 left on base; Atlanta 5 - San Francisco 3 |
|